 Dungeon Crawl Stone Soup version 0.14-a0-1773-ge500af7 (webtiles) character file.

326 ReteAZ the Cleaver (level 6, -5/76 HPs)
             Began as a Hill Orc Berserker on Jan 7, 2014.
             Was an Elder of Trog.
             Slain by Menkaure (11 damage)
             ... in an ossuary.
             The game lasted 00:08:46 (3489 turns).

ReteAZ the Cleaver (Hill Orc Berserker)             Turns: 3489, Time: 00:08:46

HP  -5/76        AC  8     Str 27      XL: 6   Next:  4%
MP   6/6         EV  8     Int  7      God: Trog [****..]
Gold 93          SH  0     Dex 16      Spells:  0 memorised,  5 levels left

rFire  . . .     SeeInvis .     a - +0 orc hand axe
rCold  . . .     Clarity  .     C - +0 chain mail
rNeg   + . .     Conserve .     (no shield)
rPois  .         rCorr    .     (no helmet)
rElec  .         rRot     .     (no cloak)
SustAb . .       Spirit   .     (no gloves)
rMut   .         Warding  .     (no boots)
Saprov + . .     Stasis   .     x - amulet of faith
                                h - cursed +6 ring of dexterity
                                o - ring of positive energy

@: berserking, very quick, slightly resistant to hostile enchantments, extremely
unstealthy
A: saprovore 1
a: Burn Spellbooks, Berserk, Trog's Hand, Brothers in Arms, Renounce Religion


You were in an ossuary.
You worshipped Trog.
Trog was greatly pleased with you.
You were hungry.

You visited 1 branch of the dungeon, and saw 4 of its levels.
You also visited: Ossuary.

You collected 93 gold pieces.

Inventory:

Hand weapons
 a - a +0,+0 orcish hand axe (weapon)
Missiles
 r - a dart (quivered)
Armour
 b - a +0 animal skin
 t - a cursed +0 ring mail
 C - a +0 chain mail (worn)
Comestibles
 c - a meat ration
 k - 5 bread rations
 m - a lychee
 z - a slice of pizza
Scrolls
 d - 3 scrolls of enchant armour {unknown}
 e - a scroll of curse jewellery {unknown}
 f - 2 scrolls of fog {unknown}
 g - 5 scrolls of remove curse {unknown}
 i - 3 scrolls of enchant weapon II {unknown}
 j - 4 scrolls of identify {unknown}
 q - a scroll of random uselessness {unknown}
 w - 2 scrolls of blinking {unknown}
 y - a scroll of immolation {unknown}
 B - a scroll of enchant weapon I {unknown}
Jewellery
 h - a cursed +6 ring of dexterity (right hand)
 o - a ring of positive energy (left hand)
 x - an amulet of faith (around neck)
Potions
 l - a potion of speed {unknown}
 n - a potion of heal wounds
 p - a potion of lignification {unknown}
 s - a potion of degeneration {unknown}
 v - a potion of confusion {unknown}
 A - 2 potions of curing {unknown}
 D - a potion of poison {unknown}


   Skills:
 - Level 3.6 Fighting
 + Level 8.6 Axes
 - Level 2.1 Armour
 - Level 1.5 Dodging


You had 5 spell levels left.
You didn't know any spells.

Dungeon Overview and Level Annotations

Branches:
Dungeon (4/16)
 Temple: D:4-7

Altars:
Elyvilon
Nemelex Xobeh

Annotations:
Ossuary Menkaure


Innate Abilities, Weirdness & Mutations

You can tolerate rotten meat.


Message History

You feel somewhat more hungry.
Menkaure calls on the powers of darkness!
Your body is wracked with pain!
* * * LOW HITPOINT WARNING * * *
You are wearing:
o - a ring of positive energy (left hand)
You hit Menkaure.
Menkaure is moderately damaged.
Menkaure hits you!
* * * LOW HITPOINT WARNING * * *
You completely miss Menkaure.
Menkaure is moderately damaged.
Menkaure calls on the powers of darkness!
Your body is wracked with pain!
* * * LOW HITPOINT WARNING * * *
You barely miss Menkaure.
Menkaure is moderately damaged.
You hit Menkaure.
Menkaure is heavily damaged.
Menkaure hits you!
You die...

##^.##..##..####..##..##..##
##..##..##..## ##..##..##..##
##..##..##..## ##.(##..##..##
#..##..##..## ##.(##..##.^##
..##..##).## ##..##..##..#
^##..##..## ##..##..##..
##..##..## ##..##..##.
#..##..##############''##..##..##
..##(.(^.)......@M......##..##..#
.##########################..##..
...........................(..##.
#################################
........................(........
#################################


You could see Menkaure.

Vanquished Creatures
  A hound (D:4)
  2 mummies
  5 adders
  An inept feature mimic (D:2)
  An inept item mimic (D:2)
  3 giant geckos
  4 orcs
  4 ball pythons
  17 bats
  3 gnoll zombies (Ossuary)
  15 goblins
  9 hobgoblins
  9 jackals
  8 kobolds
  5 giant cockroaches
  7 giant newts
  2 gnoll skeletons (Ossuary)
  2 goblin skeletons (Ossuary)
  2 hobgoblin skeletons (Ossuary)
  2 hobgoblin zombies (Ossuary)
  2 kobold skeletons (Ossuary)
  3 kobold zombies (Ossuary)
  2 orc skeletons (Ossuary)
  An orc zombie (Ossuary)
  A quokka (D:2)
  9 rats
  A rat skeleton (Ossuary)
  4 rat zombies (Ossuary)
125 creatures vanquished.

Vanquished Creatures (others)
  A mummy (Ossuary)
  4 goblin skeletons (Ossuary)
  A goblin zombie (Ossuary)
  6 hobgoblin skeletons (Ossuary)
  2 hobgoblin zombies (Ossuary)
  2 kobold skeletons (Ossuary)
  2 kobold zombies (Ossuary)
  2 orc skeletons (Ossuary)
  An orc zombie (Ossuary)
  6 rat zombies (Ossuary)
27 creatures vanquished.

Grand Total: 152 creatures vanquished

Notes
Turn   | Place    | Note
--------------------------------------------------------------
     0 | D:1      | ReteAZ, the Hill Orc Berserker, began the quest for the Orb.
     0 | D:1      | Reached XP level 1. HP: 19/19 MP: 1/1
   139 | D:1      | Reached XP level 2. HP: 20/26 MP: 2/2
   229 | D:1      | Reached skill level 5 in Axes
   244 | D:1      | Acquired Trog's second power
   424 | D:1      | Reached XP level 3. HP: 31/31 MP: 3/3
   975 | D:2      | Reached skill level 6 in Axes
  1028 | D:2      | Reached XP level 4. HP: 21/39 MP: 4/4
  1884 | D:2      | Reached skill level 7 in Axes
  2406 | D:3      | Reached XP level 5. HP: 45/45 MP: 5/5
  2508 | D:3      | Acquired Trog's third power
  2595 | D:3      | Found a sparkling altar of Nemelex Xobeh.
  2596 | D:3      | Found a white marble altar of Elyvilon.
  2928 | D:4      | Reached skill level 8 in Axes
  3076 | D:4      | Found a sand-covered staircase.
  3087 | Ossuary  | Entered an ossuary
  3420 | Ossuary  | Reached XP level 6. HP: 23/51 MP: 6/6
  3476 | Ossuary  | Noticed Menkaure
  3489 | Ossuary  | Slain by Menkaure

Action                   |  1- 3 |  4- 6 || total
-------------------------+-------+-------++-------
Melee: Hand axe          |   108 |   268 ||   376
Throw: Dart              |     1 |     1 ||     2
Invok: Berserk           |       |     1 ||     1
  Use: Potion            |     3 |     1 ||     4
 Stab: Sleeping          |       |     1 ||     1
